 Dungeon Crawl Stone Soup version 0.18-a0-1745-gffa9a88 (webtiles) character file.

4223 dobroeutro the Blocker (level 10, 0/94 HPs)
             Began as a Gargoyle Fighter on Apr 11, 2016.
             Slain by a killer bee (2 damage)
             ... on level 9 of the Dungeon.
             The game lasted 00:22:55 (5997 turns).

dobroeutro the Blocker (Gargoyle Fighter)           Turns: 5997, Time: 00:22:56

Health: 0/94       AC: 25    Str: 23    XL:     10   Next: 30%
Magic:  10/10      EV:  2    Int: 12    God:
Gold:   403        SH: 13    Dex: 12    Spells: 0 memorised, 9 levels left

rFire  . . .     SeeInvis .     k - +11 long sword of Yxisimy {venom, rN+ Int+3}
rCold  + . .     Gourm    .     (armour currently unavailable)
rNeg   + + +     Faith    .     c - +1 shield
rPois  ∞         Spirit   .     (helmet currently unavailable)
rElec  .         Dismiss  .     (cloak currently unavailable)
rCorr  .         Reflect  .     (gloves currently unavailable)
SustAt .         Harm     .     (boots currently unavailable)
MR     .....     NoTele   +     (no amulet)
Stlth  +.........               y - +3 ring of dexterity
                                r - ring of protection from cold

@: tree-form, not resistant to hostile enchantments, very unstealthy
A: negative energy resistance 1, (electricity resistance), (unbreathing),
petrification resistance, rot immunity, AC +7
a: no special abilities


You were on level 9 of the Dungeon.
You were not hungry.
You were a tree.
You visited 2 branches of the dungeon, and saw 10 of its levels.

You collected 403 gold pieces.

Inventory:

Hand Weapons
 a - a +0 flail
 k - the +11 long sword of Yxisimy (weapon) {venom, rN+ Int+3}
   (You found it on level 5 of the Dungeon)

   It poisons the flesh of those it strikes.
   It affects your intelligence (+3).
   It protects you from negative energy.
Armour
 c - a +1 shield (worn)
 s - a +0 helmet (melded)
 t - a +0 cloak (melded)
 H - the +3 ring mail of Weirdness (melded) {Dex+4}
   (You took it off an orc on level 8 of the Dungeon)

   It affects your dexterity (+4).
Jewellery
 r - a ring of protection from cold (left branch)
 y - a +3 ring of dexterity (right branch)
Wands
 x - a wand of flame (34/48)
Scrolls
 e - 6 scrolls of teleportation
 l - 8 scrolls of identify {unknown}
 n - a scroll of noise {unknown}
 q - 2 scrolls of enchant weapon {unknown}
 w - 5 scrolls of magic mapping
 z - a scroll of amnesia {unknown}
 A - 3 scrolls of recharging {unknown}
 B - a scroll of immolation {unknown}
 C - 2 scrolls of remove curse
 D - a scroll of random uselessness {unknown}
Potions
 d - 2 potions of might
 i - a potion of ambrosia {unknown}
 j - a potion of curing {unknown}
 m - 3 potions of agility
 u - 3 potions of lignification
 v - 2 potions of degeneration {unknown}
 F - a potion of flight {unknown}
Comestibles
 b - 5 chunks of flesh
 f - 6 bread rations
 g - 3 meat rations
 h - a slice of pizza
 o - a royal jelly
 p - 5 fruits
 E - 8 beef jerkies


   Skills:
 + Level 7.1 Fighting
 * Level 7.6 Long Blades
 + Level 4.4 Maces & Flails
 + Level 7.1 Armour
 + Level 9.3 Shields


You had 9 spell levels left.
You didn't know any spells.

Dungeon Overview and Level Annotations

Branches:
Dungeon (9/15)             Temple (1/1) D:6
   Lair: D:8-11         Orc: D:9-12

Altars:
Ashenzari
Cheibriados
Dithmenos
Elyvilon
Fedhas
Kikubaaqudgha
Makhleb
Nemelex Xobeh
Pakellas
Qazlal
Ru
Sif Muna
Trog
Vehumet
Xom
Yredelemnul
Zin
The Shining One

Shops:
D:4 %   D:6 ?


Innate Abilities, Weirdness & Mutations

You are resistant to torment.
((Your stone body is resilient (AC +7).))
You are immune to poison.
You resist negative energy.
((You are resistant to electric shocks.))
((You can survive without breathing.))
You are immune to petrification.
You are immune to rotting.


Message History

You hear an angry buzzing noise.
You block the killer bee's attack.
The killer bee rages.
You block the killer bee's attack.
There is an open door here.
The killer bee closely misses you. The killer bee stings you!
* * * LOW HITPOINT WARNING * * *
The killer bee is no longer berserk.
The killer bee stings you.
* * * LOW HITPOINT WARNING * * *
You block the killer bee's attack.
The killer bee rages.
You block the killer bee's attack. x2
There is an open door here.
Drink which item? (? for menu, Esc to quit)
It was a potion of lignification.
You turn into a tree.
Your +0 cloak melds into your body.
Your +0 helmet melds into your body.
The +3 ring mail of Weirdness {Dex+4} melds into your body.
Your roots penetrate the ground.
You block the killer bee's attack. The killer bee stings you.
You die...

#.# #'# #.# #†# #.#
###y# #.# #y..# #.#
#y### ###.#### ##y#####
#......#### #......#
#.....<...###yy....#
§###......##...♣y.....#
..§.....).######......#
§.§§.§.....# #......#
§§§§§.....# ########
§§.§####### .§§. ####


You could see 7 killer bees.

Vanquished Creatures
  Pikel (D:7)
  A queen bee (D:9)
  The ghost of Keker the Skirmisher, an amateur GrFi (D:4)
  2 orc warriors
  2 ice beasts
  A wasp (D:7)
  An eye of draining (D:8)
  2 phantoms (D:5)
  3 necrophages (D:8)
  5 ogres
  2 centaurs
  2 giant frogs (D:8)
  2 gnoll sergeants (D:8)
  8 killer bees
  2 electric eels (D:8)
  5 howler monkeys
  A crimson imp (D:3)
  4 hounds
  A jelly (D:5)
  3 orc priests
  Natasha (D:3)
  8 orc wizards
  4 worker ants
  A hound skeleton (D:8)
  Robin (D:3)
  2 worker ant zombies
  A howler monkey skeleton (D:4)
  7 gnolls (D:8)
  19 adders
  2 shadow imps
  An ooze (D:1)
  3 adder zombies
  A worm (D:3)
  A giant gecko (D:2)
  26 orcs
  3 giant cockroaches
  2 gnoll zombies (D:2)
  15 goblins
  7 hobgoblins
  8 jackals
  7 kobolds
  4 quokkas
  4 bats
  4 giant newts
  2 jackal zombies (D:8)
  A quokka zombie (D:4)
  24 rats
  A bush (D:8)
  4 plants (D:8)
213 creatures vanquished.

Vanquished Creatures (others)
  3 plants (D:8)
3 creatures vanquished.

Grand Total: 216 creatures vanquished

Notes
Turn   | Place    | Note
--------------------------------------------------------------
     0 | D:1      | dobroeutro the Gargoyle Fighter began the quest for the Orb.
     0 | D:1      | Reached XP level 1. HP: 14/14 MP: 1/1
    49 | D:1      | Reached XP level 2. HP: 13/19 MP: 2/2
   734 | D:2      | Reached XP level 3. HP: 11/23 MP: 3/3
   748 | D:2      | Reached skill level 4 in Shields
   845 | D:2      | Found a radiant altar of Vehumet.
   846 | D:2      | Found a shadowy altar of Dithmenos.
   945 | D:2      | Reached XP level 4. HP: 27/28 MP: 4/4
  1148 | D:2      | Found a basalt altar of Yredelemnul.
  1420 | D:3      | Reached XP level 5. HP: 26/33 MP: 5/5
  1563 | D:3      | Found an oddly glowing altar of Pakellas.
  1659 | D:3      | Noticed Natasha
  1665 | D:3      | Killed Natasha
  1680 | D:3      | Noticed Robin
  1703 | D:3      | Killed Robin
  1703 | D:3      | Reached skill level 5 in Shields
  1941 | D:4      | Noticed a centaur
  1952 | D:4      | Killed a centaur
  1952 | D:4      | Reached XP level 6. HP: 17/38 MP: 6/6
  2060 | D:4      | Noticed Keker's ghost (amateur GrFi)
  2105 | D:4      | Killed Keker's ghost
  2105 | D:4      | Reached XP level 7. HP: 28/44 MP: 7/7
  2124 | D:4      | Reached skill level 5 in Armour
  2200 | D:4      | Reached skill level 6 in Shields
  2234 | D:4      | Found Xugoyzxuown's Food Shop.
  2496 | D:5      | Entered Level 5 of the Dungeon
  2522 | D:5      | Reached skill level 5 in Fighting
  2706 | D:5      | Found a white marble altar of Elyvilon.
  2818 | D:5      | Got a crystal long sword
  2819 | D:5      | Identified the +11 long sword of Yxisimy {venom, rN+ Int+3} (You found it on level 5 of the Dungeon)
  2946 | D:5      | Reached XP level 8. HP: 44/49 MP: 8/8
  2947 | D:5      | Found a glowing silver altar of Zin.
  3034 | D:5      | Reached skill level 1 in Long Blades
  3138 | D:5      | Reached skill level 7 in Shields
  3532 | D:6      | Found a burning altar of Makhleb.
  3643 | D:6      | Found a staircase to the Ecumenical Temple.
  3665 | Temple   | Entered the Ecumenical Temple
  3923 | D:6      | Found Imolegi's Magic Scroll Boutique.
  4527 | D:7      | Noticed a water elemental
  4529 | D:7      | Found a stormy altar of Qazlal.
  4536 | D:7      | Noticed an air elemental
  4832 | D:7      | Noticed Pikel
  4842 | D:7      | Killed Pikel
  4842 | D:7      | Reached skill level 8 in Shields
  4842 | D:7      | Reached XP level 9. HP: 54/55 MP: 9/9
  5013 | D:8      | Reached skill level 5 in Long Blades
  5332 | D:8      | Got a bloodstained ring mail
  5343 | D:8      | Identified the +3 ring mail of Weirdness {Dex+4} (You took it off an orc on level 8 of the Dungeon)
  5393 | D:8      | Reached skill level 9 in Shields
  5405 | D:8      | Found a stormy altar of Qazlal.
  5487 | D:8      | Reached XP level 10. HP: 56/61 MP: 10/10
  5650 | D:8      | Found a blossoming altar of Fedhas.
  5995 | D:9      | HP: 1/63 [killer bee (5)]
  5997 | D:9      | Slain by a killer bee

Vault maps used:
D:1:      sevenhm_arrival_forest_fort_large_3
D:2:      lemuel_zombie_altar_yredelemnul, gammafunk_temple_overflow_statue
D:3:      johnstein_pakellas_death_squad, first_bread, uniq_natasha, uniq_robin
D:4:      serial_shops, shop, minmay_rat_hole
D:5:      lemuel_round_altar, kennysheep_mini, serial_glass, glass_columns_a,
          glass_columns_b
D:6:      minmay_temple_entry_mist, basic_altar, serial_shops, shop_scrolls
D:7:      nicolae_qazlal_style_of_elements, uniq_pikel
D:8:      basic_altar, serial_bayou_lagoon_a, grunt_ogre_cave,
          fedhas_altar_decomposition
D:9:      gammafunk_temple_overflow_pools, erik_lair_orcish_takeover,
          orc_0_dummy, serial_undead, serial_undead_d, serial_undead_d,
          serial_undead_b, serial_undead_a
Temple:   chambers_temple_10

Skill      XL: |  1  2  3  4  5  6  7  8  9 10 |
---------------+-------------------------------+-----
Armour         | 4 5 6 7 |  7.1
Shields        | 4 5 6 8 9 |  9.3
Fighting       | 4 5 6 7 |  7.1
Maces & Flails | 3 4 |  4.4
Long Blades    | 4 6 7 |  7.6

Action                   |  1- 3 |  4- 6 |  7- 9 | 10-12 || total
-------------------------+-------+-------+-------+-------++-------
Melee: Flail             |    95 |   233 |   114 |       ||   442
       Long sword        |       |       |   212 |   103 ||   315
  Use: Potion            |       |     2 |       |     1 ||     3
       Scroll            |       |       |     5 |     1 ||     6
  Eat: Chunk             |       |     5 |     1 |     2 ||     8
       Meat ration       |       |       |     2 |       ||     2
